 Dungeon Crawl Stone Soup version 0.32-a0-673-g3729bd50f8 (webtiles) character file.

Game seed: 13882403510190707645

7574 runemasterragnar the Mimic (level 11, -6/72 HPs)
             Began as an Octopode Shapeshifter on Mar 10, 2024.
             Was an Initiate of Gozag.
             Engulfed by a fire crab's flame (7 damage)
             ... on level 11 of the Dungeon.
             The game lasted 00:13:09 (10622 turns).

runemasterragnar the Mimic (Octopode Shapeshifter) Turns: 10622, Time: 00:13:10

Health: -6/72      AC:  3    Str: 36    XL:     11   Next: 17%
Magic:  11/11      EV: 19    Int: 13    God:    Gozag
Gold:   1033       SH:  5    Dex: 11    Spells: 10/10 levels left

rFire   . .          .
                       - Unarmed
rCold   + . .        (shield currently unavailable)
rNeg    + . .        j - +2 hat
rPois   .            p - amulet "Qaogafesi" {Reflect rC+ SH+5 Stlth+}
rElec   .            e - ring of positive energy
rCorr   .            h - +6 ring of strength
SInv    .            n - +6 ring of strength
Will    .....        A - +6 ring of strength
Stlth   +++          (no ring)
HPRegen 0.32/turn    (no ring)
MPRegen 0.12/turn    (no ring)
                     (no ring)

%: reflection
@: mighty, flux-form, hasted, glowing, studying Shapeshifting, invisible (but
backlit and visible), very quick
A: glow, contaminating, almost no armour, amphibious, 8 rings, camouflage 1,
gelatinous body 1, (nimble swimmer 1), tentacles
a: Begin Untransformation, Renounce Religion, Potion Petition, Call Merchant,
Bribe Branch


You were on level 11 of the Dungeon.
You worshipped Gozag.
Gozag was most pleased with you.
You were something dangerously unstable.
You visited 1 branch of the dungeon, and saw 11 of its levels.
You also visited: Sewer.

You collected 1664 gold pieces.
You paid 631 gold pieces to Gozag.

Inventory:

Hand Weapons
 r - the +6 arbalest of Destruction {antimagic, rF+ rC- Int+4}
   (You found it on level 3 of the Dungeon)

   Int+4:     It affects your intelligence (+4).
   rF+:       It protects you from fire.
   rC-:       It makes you vulnerable to cold.
Missiles
 k - a throwing net (quivered)
Armour
 j - a +2 hat (worn)
Jewellery
 e - a ring of positive energy (left tentacle)
 h - a +6 ring of strength (right tentacle)
 m - an amulet of the acrobat
 n - a +6 ring of strength (on tentacle)
 p - the amulet "Qaogafesi" (around mantle) {Reflect rC+ SH+5 Stlth+}
   (You took it off an orc on level 8 of the Dungeon)

   [amulet of reflection]

   Reflect:   It reflects blocked missile attacks.
   rC+:       It protects you from cold.
   SH+5:      It affects your SH (+5).
   Stlth+:    It makes you more stealthy.
 A - a +6 ring of strength (on tentacle)
Talismans
 b - a beast talisman
 c - a flux talisman (active)
Wands
 q - a wand of flame (8)
 v - a wand of paralysis (12)
 x - a wand of mindburst (11)
 y - a wand of polymorph (13)
Scrolls
 f - a scroll of fog
 g - a scroll of enchant armour {unknown}
 i - 3 scrolls of torment
 o - a scroll of vulnerability
 t - 6 scrolls of teleportation
 u - a scroll of amnesia
 z - 7 scrolls of identify
 C - a scroll of immolation {unknown}
Potions
 a - 2 potions of enlightenment
 d - a potion of degeneration {unknown}
 l - a potion of mutation
 w - a potion of cancellation {unknown}
 B - a potion of invisibility {unknown}


   Skills:
 + Level 6.1 Fighting
 + Level 6.4 Dodging
 + Level 8.3 Stealth
 * Level 9.2 Unarmed Combat
 + Level 5.8 Evocations
 * Level 10.1 Shapeshifting


You had 10 spell levels left.
You didn't know any spells.
Your spell library contained the following spells:

 Spells                   Type           Power      Damage    Failure   Level
 Sting                    Conj/Alch      0%         1d3       30%         1
 Call Imp                 Summ           0%         N/A       43%         2
 Mercury Vapours          Alch/Air       0%         N/A       43%         2
 Sublimation of Blood     Necr           0%         N/A       43%         2
 Olgreb's Toxic Radiance  Alch           0%         N/A       97%         4
 Summon Hydra             Summ           0%         N/A       100%        7


Dungeon Overview and Level Annotations

Branches:
Dungeon (11/15)            Temple (0/1) D:6            Lair (0/5) D:11
    Orc (0/2) D:9           Sewer (visited)

Altars:
Cheibriados
Elyvilon
Fedhas
Gozag
Kikubaaqudgha
Okawaru
Qazlal
Ru
Sif Muna
Uskayaw
Wu Jian
Xom
The Shining One

Shops:
D:2 *   D:9 (

Annotations:
D:5 1 runed translucent door, Crazy Yiuf
D:6 2 runed translucent doors, DeathSocks's ghost, novice BaHs
D:10 1 runed translucent door


Innate Abilities, Weirdness & Mutations

You are something dangerously unstable.
You glow with magical radiation, making you easy to see and hit.
Foes you strike become dangerously contaminated with magical radiation.
You are incapable of wielding weapons or throwing items.
You cannot wear most types of armour.
You are amphibious.
You can wear up to eight rings at the same time.
Your skin changes colour to match your surroundings (Stealth+).
Your rubbery body absorbs attacks. (AC +1, EV +1)
((You are camouflaged when in or above water. (Stealth+)))
You have tentacles for arms and can constrict up to eight enemies at once.


Message History

You are engulfed in blazing flames.
* * * LOW HITPOINT WARNING * * *
The fire crab breathes flames at you. The blast of flame engulfs you.
* * * LOW HITPOINT WARNING * * *
You feel much better. The fire crab breathes flames at you.
The blast of flame misses you. [a] - 364 gold - might, brilliance and heal wounds [b] - 528 gold - haste, invisibility and might [c] - 352 gold - heal wounds, curing and magic Purchase which effect?
You feel yourself speed up.
You become transparent, but the glow from your form prevents you from becoming completely invisible.
You feel very mighty all of a sudden.
You are engulfed in blazing flames.
* * * LOW HITPOINT WARNING * * *
Okay, then.
Okay, then.
You feel much better.
You are engulfed in blazing flames.
The fire crab breathes flames at you. The blast of flame engulfs you.
You are engulfed in blazing flames.
* * * LOW HITPOINT WARNING * * *
You are engulfed in blazing flames.
* * * LOW HITPOINT WARNING * * *
You bludgeon the fire crab!
The fire crab begins to glow.
You grab the fire crab. You squeeze the fire crab.
The fire crab is moderately wounded.
You are engulfed in blazing flames.
* * * LOW HITPOINT WARNING * * *
You constrict the fire crab. The fire crab closely misses you.
The fire crab misses you.
Okay, then.
You tentacle-slap the fire crab but do no damage.
The fire crab glows dangerously bright.
You squeeze the fire crab!
The fire crab is heavily wounded.
You are engulfed in blazing flames.
You die...
Your body crumbles into a pile of gold.

## #.# ....# ≈≈≈§≈§ .### #.#
○...°≈§..§§ ...###.# ..#.§§≈≈§§
.......# #..○°t≈≈≈ .≈≈≈☼≈.# #.#
... ☼≈≈○§≈.#### #)##.#.#.#
[≈≈☼≈≈....# #)$.......
.≈○.≈≈....############$........
.§≈.≈≈.........°pt.............
..........############.........
###..#....# #......... #
##......# ##...^...# # ###....#
######### # #....# # ###### # #


You could see a fire crab (heavy contam).

Vanquished Creatures
  An ugly thing (D:10)
  Maurice (D:9)
  A cyclops (D:11)
  Jeremiah (D:8)
  2 trolls
  A hornet (D:9)
  2 wyverns (D:8)
  Sigmund (D:6)
  4 yaks (D:9)
  A shadow (D:10)
  A wraith (D:9)
  4 steam dragons
  2 water moccasins
  An orc warrior (D:8)
  A black bear (D:8)
  5 ogres
  6 centaurs
  5 kobold brigands
  A bullfrog (D:8)
  A gnoll sergeant (D:9)
  3 scorpions
  5 wights (D:6)
  4 killer bees (D:7)
  2 howler monkeys
  An electric eel (D:11)
  5 hounds
  A jelly (D:6)
  5 orc priests
  2 sleepcaps
  A gnoll bouda (D:8)
  3 iguanas
  Ijyb (D:4)
  14 orc wizards
  11 gnolls
  6 adders
  5 river rats
  2 shadow imps (D:7)
  A white imp (D:6)
  6 ufetubi
  3 dart slugs
  43 orcs
  6 ball pythons
  7 endoplasms
  2 giant cockroaches
  4 goblins
  8 hobgoblins
  5 jackals
  8 quokkas
  6 bats
  A frilled lizard (D:2)
  12 kobolds
  13 rats
238 creatures vanquished.

Notes
Turn   | Place    | Note
-------+----------+-------------------------------------------
     0 | D:1      | runemasterragnar the Octopode Shapeshifter began the quest
                  | for the Orb.
     0 | D:1      | Reached XP level 1. HP: 13/13 MP: 1/1
   192 | D:1      | Reached XP level 2. HP: 5/18 MP: 2/2
   623 | D:1      | Reached XP level 3. HP: 23/23 MP: 3/3
   661 | D:1      | Reached skill level 1 in Stealth
  1115 | D:2      | Found a shimmering altar of Xom.
  1198 | D:2      | Found Ihada's Assorted Antiques.
  1208 | D:2      | You fall into a shaft and drop 1 floor!
  1386 | D:2      | Reached XP level 4. HP: 17/28 MP: 4/4
  1885 | D:3      | Found a glowing golden altar of the Shining One.
  1903 | D:3      | Found an ornate altar of the Wu Jian Council.
  1929 | D:3      | Identified the +6 arbalest of Destruction {antimagic, rF+
                  | rC- Int+4}
  2269 | D:4      | Reached XP level 5. HP: 22/34 MP: 5/5
  2460 | D:4      | Noticed Ijyb
  2466 | D:4      | Killed Ijyb
  2467 | D:4      | Reached skill level 4 in Shapeshifting
  2693 | D:4      | Found a shimmering blue altar of Sif Muna.
  2694 | D:4      | Found an ancient bone altar of Kikubaaqudgha.
  2697 | D:4      | Found a white marble altar of Elyvilon.
  2697 | D:4      | Found a hide-covered altar of Uskayaw.
  2697 | D:4      | Found an iron altar of Okawaru.
  2843 | D:4      | Reached XP level 6. HP: 21/39 MP: 6/6
  3285 | D:5      | Entered Level 5 of the Dungeon
  3488 | D:5      | Reached skill level 1 in Evocations
  3488 | D:5      | Reached XP level 7. HP: 8/45 MP: 7/7
  3639 | D:5      | Found an opulent altar of Gozag.
  3642 | D:5      | Became a worshipper of Gozag Ym Sagoz the Greedy
  3767 | D:5      | Reached skill level 5 in Unarmed Combat
  3991 | D:5      | Found a runed translucent door.
  3992 | D:5      | Noticed Crazy Yiuf
  4068 | D:6      | Found a blossoming altar of Fedhas.
  4112 | D:6      | Reached skill level 5 in Shapeshifting
  4123 | D:6      | Found a large runed translucent door.
  4123 | D:6      | Found a large runed translucent door.
  4127 | D:6      | Noticed DeathSocks's ghost (novice BaHs)
  4187 | D:6      | Noticed Sigmund
  4232 | D:6      | Killed Sigmund
  4233 | D:6      | Reached XP level 8. HP: 20/52 MP: 8/8
  4268 | D:6      | HP: 2/43 [sleepcap (16)]
  4318 | D:6      | Found a sacrificial altar of Ru.
  4655 | D:6      | Reached skill level 5 in Stealth
  4701 | D:6      | Found a glowing drain.
  4708 | Sewer    | Entered a sewer
  4870 | Sewer    | Found a white marble altar of Elyvilon.
  5392 | D:6      | Found a staircase to the Ecumenical Temple.
  5482 | D:7      | Reached skill level 6 in Shapeshifting
  5482 | D:7      | Reached XP level 9. HP: 39/58 MP: 9/9
  6326 | D:7      | Identified a scroll of acquirement
  6326 | D:7      | Acquired a manual of Shapeshifting
  6536 | D:7      | Noticed a troll
  6550 | D:7      | Killed a troll
  6810 | D:8      | Reached skill level 5 in Dodging
  6850 | D:8      | Reached skill level 7 in Shapeshifting
  7016 | D:8      | Identified the amulet "Qaogafesi" {Reflect rC+ SH+5 Stlth+}
  7375 | D:8      | Reached skill level 5 in Fighting
  7375 | D:8      | Reached XP level 10. HP: 50/66 MP: 10/10
  7463 | D:8      | Noticed Jeremiah
  7471 | D:8      | Killed Jeremiah
  7472 | D:8      | Reached skill level 8 in Shapeshifting
  8303 | D:9      | Noticed Maurice
  8305 | D:9      | Found a stormy altar of Qazlal.
  8311 | D:9      | Maurice stole a +6 ring of strength
  8315 | D:9      | Killed Maurice
  8444 | D:9      | Reached skill level 5 in Evocations
  8648 | D:9      | Found Riumpes's Antique Weapon Boutique.
  8693 | D:9      | Found a staircase to the Orcish Mines.
  9062 | D:9      | Reached skill level 9 in Shapeshifting
  9744 | D:10     | Entered Level 10 of the Dungeon
  9758 | D:10     | Reached XP level 11. HP: 72/72 MP: 11/11
  9911 | D:10     | Noticed a white ugly thing
  9917 | D:10     | Killed a purple ugly thing
  9918 | D:10     | Reached skill level 10 in Shapeshifting
 10430 | D:10     | Found a snail-covered altar of Cheibriados.
 10457 | D:10     | Noticed an orc knight
 10457 | D:10     | Noticed a seven-headed hydra
 10458 | D:10     | Found a runed translucent door.
 10460 | D:10     | Noticed a deep troll
 10460 | D:10     | Noticed a centaur warrior
 10460 | D:10     | Noticed a harpy
 10460 | D:10     | Noticed a flayed ghost
 10526 | D:11     | Found a shimmering blue altar of Sif Muna.
 10581 | D:11     | Noticed a cyclops
 10585 | D:11     | Killed a cyclops
 10585 | D:11     | Noticed a fire crab
 10588 | D:11     | Found a staircase to the Lair.
 10621 | D:11     | HP: 1/72 [fire crab] (11)]
 10622 | D:11     | Engulfed by a fire crab's flame

Illustrated notes

Levels and vault maps discovered:
D:1:      giann_bridges, layout_basic, minmay_misc_feat_square, minmay_domino_4
D:2:      layout_basic, basic_altar, serial_glass, glass_columns_a,
          glass_columns_b, serial_shops,
          nicolae_shop_competitors_out_of_business
D:3:      layout_loops_ring, mainiacjoe_overflow_catwalk_spiral,
          hangedman_feature_mirror
D:4:      layout_basic, grunt_temple_overflow_open, kennysheep_flooded_box,
          uniq_ijyb
D:5:      layout_rooms, kennysheep_mini, minmay_misc_feat_columns,
          kennysheep_generic_room_10, uniq_crazy_yiuf_cottage
D:6:      layout_basic, fedhas_ov_isle_minmay, lemuel_doored_altar,
          minmay_temple_entry_enclosed_plants, portal_sewer_entry_b,
          ebering_ghost_disaster_area, roderic_lattice_a, sigmund_army
D:7:      layout_loops_cross, nrook_mini_backslash
D:8:      layout_basic, hangedman_decor_peaks_small, uniq_jeremiah
D:9:      layout_irregular_city, grunt_qazlal_clouds,
          kennysheep_orc_monster_closet_entryway, serial_shops, shop,
          chequers_serial_rivers_micro_d, kennysheep_cluttered_room,
          uniq_maurice
D:10:     minmay_gate_of_8, layout_basic, kennysheep_slug_shrine
D:11:     layout_basic, minmay_lair_entry_lava, nicolae_sif_muna_condensation

Skill      XL: |  1  2  3  4  5  6  7  8  9 10 11 |
---------------+----------------------------------+-----
Stealth        | 1 2 3 4 5 6 8 |  8.3
Fighting       | 2 3 4 5 6 |  6.1
Unarmed Combat | 4 5 6 7 8 9 |  9.2
Shapeshifting  | 4 5 6 7 9 10 | 10.1
Dodging        | 3 4 5 6 |  6.4
Evocations     | 1 2 3 4 5 |  5.8

Action                     |  1- 3 |  4- 6 |  7- 9 | 10-12 || total
---------------------------+-------+-------+-------+-------++-------
  Melee: Unarmed           |    74 |   107 |   231 |   169 ||   581
         Constrict         |    26 |    34 |    50 |    39 ||   149
         Tentacles         |    13 |    29 |    59 |    48 ||   149
         Punch             |     2 |       |       |       ||     2
 Invoke: Potion Petition   |       |       |       |     1 ||     1
  Evoke: Wand              |       |       |     2 |       ||     2
    Use: Scroll            |     6 |     2 |     5 |     3 ||    16
         Potion            |       |     2 |     2 |     3 ||     7
   Stab: Sleeping          |     7 |     4 |       |     7 ||    18
         Distracted        |       |       |     2 |     1 ||     3
 Armour: Skin              |    20 |    41 |   121 |    71 ||   253
  Dodge: Dodged            |    58 |    86 |   207 |   108 ||   459
  Block: Other             |       |       |     5 |    24 ||    29
         Reflection        |       |       |       |     1 ||     1
   Form: Flux              |     1 |       |       |       ||     1

Table legend: (Time is in decaauts)
 A = Elapsed time spent in this place.
 B = Non-inter-level travel time spent in this place.
 C = Inter-level travel time spent in this place.
 D = Time resting spent in this place.
 E = Time spent auto-exploring this place.
 F = Levels seen in this place.
 G = Mean time per level.
                   A        B        C        D        E       F      G
               +--------+--------+--------+--------+--------+-----+--------+
         Total |  10555 |  10395 |    160 |   1590 |   6987 |  12 |  879.6 |
       Dungeon |  10038 |   9878 |    160 |   1290 |   6824 |  11 |  912.5 |
         Sewer |    517 |    517 |      0 |    300 |    163 |   1 |  517.0 |
               +--------+--------+--------+--------+--------+-----+--------+

Top non-repeatable levels by time:
     D:9: 1604 daAuts
     D:8: 1346 daAuts
     D:7: 1292 daAuts
     D:4: 1025 daAuts
     D:1: 924 daAuts
     D:6: 880 daAuts
     D:5: 770 daAuts
    D:10: 764 daAuts
     D:3: 679 daAuts
     D:2: 644 daAuts
   Sewer: 517 daAuts
    D:11: 105 daAuts
